 Dungeon Crawl Stone Soup version 0.29.1-2-gbd0b4ee654 (webtiles) character file.

Game seed: 14780585374029262076

1 GorkyZ the Grave Robber (level 1, -1/13 HPs)
             Began as a Mummy Necromancer on Oct 10, 2022.
             Slain by a rat (3 damage)
             ... on level 1 of the Dungeon on Nov 11, 2022.
             The game lasted 00:03:20 (67 turns).

GorkyZ the Grave Robber (Mummy Necromancer)           Turns: 67, Time: 00:03:20

Health: -1/13      AC:  2    Str: 11    XL:     1   Next: 16%
Magic:  3/4        EV: 12    Int: 14    God:
Gold:   0          SH:  0    Dex: 12    Spells: 4/5 levels left

rFire   x . .      SeeInvis .   (no weapon)
rCold   + . .      Faith    .   (no shield)
rNeg    + + +      Spirit   .   a - +0 robe
rPois   ∞          Reflect  .   (no helmet)
rElec   .          Harm     .   (no cloak)
rCorr   .          Rampage  .   (no gloves)
Will    .....                   (no boots)
Stlth   ++........              (no amulet)
HPRegen 0.04/turn               (no ring)
MPRegen 0.09/turn               (no ring)

@: no status effects
A: cold resistance 1, negative energy resistance 3, torment resistance 2, heat
vulnerability 1, no potions
a: no special abilities


You were on level 1 of the Dungeon.
You visited 1 branch of the dungeon, and saw 1 of its levels.

Inventory:

Hand Weapons
 b - a +0 dagger
Armour
 a - a +0 robe (worn)


   Skills:
 + Level 1.7 Dodging
 + Level 1.5 Stealth
 + Level 2.6 Spellcasting
 + Level 4.0 Necromancy


You had 4 spell levels left.
You knew the following spells:

 Your Spells              Type           Power      Damage    Failure   Level
a - Necrotise             Necr           52%        1d6       4%          1

Your spell library contained the following spells:

 Spells                   Type           Power      Damage    Failure   Level
 Vampiric Draining        Necr           13%        2d6       13%         3
 Animate Dead             Necr           13%        N/A       38%         4
 Agony                    Necr           13%        N/A       75%         5


Dungeon Overview and Level Annotations

Branches:
Dungeon (1/15)

Altars:


Innate Abilities, Weirdness & Mutations

You are immune to poison.
Your flesh is cold resistant. (rC+)
You are immune to negative energy. (rN+++)
You are immune to unholy pain and torment.
You are vulnerable to heat. (rF-)
You do not drink.


Message History

You miss the bat. The bat hits you but does no damage.
The rat barely misses you.
You barely miss the bat. The bat hits you but does no damage.
The rat bites you.
You closely miss the bat. The bat hits you. The rat bites you.
You hit the bat.
The bat is heavily wounded.
The bat closely misses you. The bat completely misses you.
The rat closely misses you.
You barely miss the bat.
The bat is heavily wounded.
The bat closely misses you. The rat bites you but does no damage.
You barely miss the bat.
The bat is heavily wounded.
The bat barely misses you. The rat bites you.
You hit the bat but do no damage.
The bat is heavily wounded.
The bat hits you. x2
* * * LOW HITPOINT WARNING * * *
The rat bites you but does no damage.
You closely miss the bat.
The bat is heavily wounded.
The bat misses you. The rat bites you but does no damage.
You hit the bat.
You kill the bat!
The rat bites you but does no damage.
You hit the giant cockroach but do no damage.
The giant cockroach bites you.
* * * LOW HITPOINT WARNING * * *
The giant cockroach bites you but does no damage.
The rat barely misses you.
Aiming: Necrotise (safe; 4% risk of failure)
Press: ? - help, Q - select action Shift-Dir - straight line, f - giant cockroach
Aim: a giant cockroach (chance to affect: 83%)
The giant cockroach writhes in agony.
The giant cockroach barely misses you. The rat barely misses you.
You hit the giant cockroach but do no damage.
The giant cockroach bites you but does no damage.
The rat bites you.
You die...

#.#...##.. >#
#######..#.#.#.[ ...
................ ....
##.......#.#.#.# ##...#
............##.####!....#
#.......#J............
#......#r###.###..#
#..lB@.......8########
##.#####.##...........
#.# #.....8##...### #.#
####.###.....# .#. #.#
##.<.## # # #.###.....#
#..8##...### #...........
#..8########


You could see an endoplasm, a giant cockroach, a frilled lizard and a rat.

Vanquished Creatures
  A bat (D:1)
1 creature vanquished.

Notes
Turn   | Place    | Note
-------+----------+-------------------------------------------
     0 | D:1      | GorkyZ the Mummy Necromancer began the quest for the Orb.
     0 | D:1      | Reached XP level 1. HP: 13/13 MP: 4/4
    15 | D:1      | Upgraded the game from 0.29.1-1-gd02db6906a to
                  | 0.29.1-2-gbd0b4ee654
    67 | D:1      | Slain by a rat

Illustrated notes

Levels and vault maps discovered:
D:1:      psy_arrival_basics, layout_loops_ring,
          shapermc_ecumenical_altar_mp_urbaneastern

Action                   || total
-------------------------++-------
Melee: Unarmed           ||    12
 Cast: Necrotise         ||     1
Armor: Robe              ||    11
Dodge: Dodged            ||    19
